AoeStats
← Marbas

Arena

508087160Analyzed
1v1 RM · 11d ago on Sep 20, 2026· 42m 49s· 2 players
Game mode
Random Map
Map size
Tiny (2 player)
Population
200
Speed
Normal
Resources
Standard
Victory
Conquest
Starting age
Dark Age
Ending age
Imperial Age
RankedLock teamsTeams togetherTeam positionsShared explorationLock speedFull tech treeHidden civsTurbo modeCheats
Victory
Defeat
🇷🇺 Lithuanians · Russia
1801
+13
🇫🇷 Berbers · France
1736
-13
Hana
10:08 Feudal Age
14:08 Castle Age
12:24 Double-Bit Axe
12:43 Horse Collar
21:57 Town Watch
22:53 Wheelbarrow
24:04 Bow Saw
23:55 Loom
24:22 Gold Mining
25:24 Hand Cart
29:23 Imperial Age
27:03 Heavy Plow
27:14 Stone Mining
27:50 Scale Barding Armor
27:36 Fletching
29:46 Bodkin Arrow
29:52 Padded Archer Armor
30:22 Bloodlines
30:12 Husbandry
30:45 Chain Barding Armor
31:20 Siege Engineers
32:25 Chemistry
32:31 Crop Rotation
32:37 Siege Engineers
33:05 Masonry
33:34 Ballistics
33:40 Bracer
33:30 Light Cavalry
34:35 Heavy Scorpion
37:15 Conscription
37:19 Leather Archer Armor
37:40 Fortified Wall
38:49 Hoardings
39:47 Thumb Ring
39:02 Elite Skirmisher
Marbas
10:06 Feudal Age
10:53 Double-Bit Axe
14:56 Castle Age
12:39 Horse Collar
20:29 Bow Saw
22:07 Wheelbarrow
21:52 Heavy Plow
23:40 Hand Cart
25:07 Gold Mining
25:39 Stone Mining
25:39 Town Watch
25:56 Scale Mail Armor
26:58 Forging
26:36 Treadmill Crane
29:53 Imperial Age
27:34 Loom
28:39 Stone Shaft Mining
28:25 Fletching
29:37 Elite Skirmisher
30:37 Bodkin Arrow
31:44 Chemistry
30:08 Pikeman
31:23 Squires
31:41 Chain Mail Armor
31:32 Padded Archer Armor
32:11 Conscription
33:20 Two-Man Saw
32:24 Bracer
32:40 Leather Archer Armor
31:48 Halberdier
33:07 Tower Shields
34:11 Masonry
34:45 Iron Casting
34:40 Ring Archer Armor
34:46 Arson
35:49 Ballistics
37:05 Thumb Ring
37:10 Scale Barding Armor
37:40 Architecture
38:00 Town Patrol
38:12 Guilds
38:25 Chain Barding Armor
40:57 Husbandry
41:09 Bloodlines
41:10 Light Cavalry
42:23 Winged Hussar
Connection lost

Rejoining the realm…

Still unreachable

The connection could not be restored.

Session expired

The server has moved on; the page needs a fresh start.